 Dungeon Crawl Stone Soup version 0.13.0-21-ge43020b (webtiles) character file.

747 HungrySpirit the Chopper (level 7, -4/43 HPs)
             Began as a Gargoyle Gladiator on Oct 26, 2013.
             Slain by an ice beast (6 damage)
             ... on Level 5 of the Dungeon.
             The game lasted 00:07:35 (3539 turns).

HungrySpirit the Chopper (Gargoyle Gladiator)       Turns: 3539, Time: 00:07:36

HP  -4/43        AC 19     Str 21      XL: 7   Next: 70%
MP   6/6         EV  5     Int  8      God:
Gold 29          SH  0     Dex 10      Spells:  0 memorised,  6 levels left

Res.Fire  : . . .   See Invis. : .   a - +0 hand axe {=f}
Res.Cold  : . . .   Warding    : .   z - +0 plate armour
Life Prot.: + . .   Conserve   : .   (no shield)
Res.Poison: +       Res.Corr.  : .   c - +0 helmet
Res.Elec. : +       Clarity    : .   u - +0 orc cloak
Sust.Abil.: . .     Spirit.Shd : .   H - +0 pair of gloves of Zixzik {rElec Acc+4}
Res.Mut.  : .       Stasis     : .   (no boots)
Res.Rott. : +       Flight     : .   (no amulet)
Saprovore : . . .                    (no ring)
                                     C - ring of sustenance

@: slightly resistant to hostile enchantments, extremely unstealthy
A: fangs 1, talons 2, life protection 1, electricity resistance, slow metabolism
1, unbreathing, petrification resistance, AC +4
a: no special abilities


You were on level 5 of the Dungeon.
You were not hungry.

You visited 1 branch of the dungeon, and saw 5 of its levels.

You collected 217 gold pieces.
You spent 208 gold pieces at shops.

Inventory:

Hand weapons
 a - a +0,+0 hand axe (weapon) {=f}
 w - a cursed -3,-3 orcish hand axe
Missiles
 d - 3 throwing nets (quivered)
Armour
 c - a +0 helmet (worn)
 u - a +0 orcish cloak (worn)
 z - a +0 plate armour (worn)
 H - the +0 pair of gloves of Zixzik (worn) {rElec Acc+4}
   (You bought it in a shop on level 5 of the Dungeon)

   It affects your accuracy (+4).
   It insulates you from electricity.
Comestibles
 f - 4 bread rations
 l - an apple
 n - 2 meat rations
 q - a chunk of orc flesh
 B - an apricot
 D - a pear
 F - a lemon
Scrolls
 j - a scroll of curse armour {unknown}
 m - 2 scrolls of blinking {unknown}
 o - a scroll of recharging {unknown}
 r - 3 scrolls of teleportation
 t - 2 scrolls of remove curse
 y - a scroll of curse weapon {unknown}
 E - a scroll of curse jewellery {unknown}
 G - a scroll of immolation {unknown}
 I - a scroll of enchant weapon II {unknown}
 J - a scroll of identify
Jewellery
 e - a cursed ring of teleportation {unknown}
 C - a ring of sustenance (left hand)
Potions
 g - a potion of agility {unknown}
 h - 6 potions of curing {unknown}
 i - a potion of flight {unknown}
 p - 2 potions of berserk rage {unknown}
 s - 4 potions of resistance {unknown}
 v - a potion of speed {unknown}
 x - 3 potions of poison {unknown}


   Skills:
 - Level 5.0 Fighting
 * Level 6.7 Axes
 - Level 2.0 Throwing
 + Level 2.1 Armour
 - Level 2.4 Dodging


You had 6 spell levels left.
You didn't know any spells.

Dungeon Overview and Level Annotations

Branches:
Dungeon (5/27)
 Temple: D:4-7

Altars:
Ashenzari
Kikubaaqudgha
Nemelex Xobeh
Xom
Zin

Shops:
D:4 +}[}   D:5 *

Portals:
Ossuary: D:5


Innate Abilities, Weirdness & Mutations

You are resistant to torment.
You are immune to poison.
Your stone body is very resilient (AC +4).
You have very sharp teeth.
You have razor-sharp toenails.
You resist negative energy.
You are resistant to electric shocks.
You have a slow metabolism.
You can survive without breathing.
You are immune to petrification.


Message History

The ice beast freezes you!
One of your 4 black potions freezes and shatters!
Your pink potion freezes and shatters!
* * * LOW HITPOINT WARNING * * *
You are too injured to fight recklessly!
Unknown command.
You are too injured to fight recklessly!
Unknown command.
You hit the crimson imp.
The crimson imp is almost dead.
You slash the mummy!
You destroy the mummy!
You feel nervous for a moment...
Your uncursed glowing orcish hand axe {was cursed} glows black for a moment.
The crimson imp hits you but does no damage.
The ice beast hits you.
* * * LOW HITPOINT WARNING * * *
The ice beast freezes you!
Your metallic green potion freezes and shatters!
You die...

.....#.# ##.########.# #.#
.....#.# #.# #.# #.#
####.#.###########.########.# #.#
#....#......................# #.#
#....###########.#..##...##.###.#
#....# .........##......+......#
#....# .........###.....##.#####
#....# .......I.# ##....##.#
#...)# .......5@# ##...##)#
#....# .........'.^∩##..##)#####
#....# ........#..##...........
#....# ........#.##.)..........
.....# ##+####.###..#..........
###### ..##..##.......... ###
..#..###.......... .... #...#
#####.##### ### ###. #.#


You could see an ice beast and a crimson imp.

Vanquished Creatures
  An ogre (D:5)
  An ice beast (D:5)
  Sigmund (D:4)
  3 hounds
  A gnoll shaman (D:4)
  3 orc wizards
  A worker ant (D:4)
  Ijyb (D:4)
  A mummy (D:5)
  4 adders
  5 gnolls (D:4)
  A worm (D:2)
  2 inept feature mimics
  16 orcs
  A ball python (D:2)
  4 bats
  6 giant cockroaches
  15 hobgoblins
  2 quokkas (D:4)
  4 giant geckos
  4 giant newts
  7 goblins
  10 jackals
  7 kobolds
  9 rats
110 creatures vanquished.

Notes
Turn   | Place    | Note
--------------------------------------------------------------
     0 | D:1      | HungrySpirit, the Gargoyle Gladiator, began the quest for the Orb.
     0 | D:1      | Reached XP level 1. HP: 13/13 MP: 0/0
   200 | D:1      | Reached skill level 3 in Axes
   200 | D:1      | Reached XP level 2. HP: 16/18 MP: 1/1
   576 | D:2      | Found an ancient bone altar of Kikubaaqudgha.
   775 | D:2      | Reached XP level 3. HP: 23/23 MP: 2/2
   851 | D:2      | Found a sparkling altar of Nemelex Xobeh.
   872 | D:2      | Found a glowing silver altar of Zin.
   875 | D:2      | Found a shimmering altar of Xom.
   878 | D:2      | Found a shattered altar of Ashenzari.
  1391 | D:2      | Reached XP level 4. HP: 28/28 MP: 3/3
  1459 | D:3      | Reached skill level 4 in Axes
  1612 | D:3      | Reached XP level 5. HP: 26/32 MP: 4/4
  2157 | D:4      | Found Bemy's Gadget Boutique.
  2172 | D:4      | Found Fusmyomyu's Armour Shoppe.
  2198 | D:4      | Noticed Sigmund
  2220 | D:4      | Killed Sigmund
  2220 | D:4      | Reached skill level 5 in Axes
  2220 | D:4      | Reached XP level 6. HP: 5/38 MP: 5/5
  2671 | D:4      | Noticed Ijyb
  2691 | D:4      | Killed Ijyb
  2749 | D:4      | Found Pleadol's Gadget Boutique.
  2753 | D:4      | Found Qaguriat's Book Shoppe.
  2760 | D:4      | Qaguriat's Book Shoppe was a mimic.
  2843 | D:4      | Found Mamuzet's Book Emporium.
  2906 | D:4      | Reached skill level 5 in Fighting
  3157 | D:4      | Reached XP level 7. HP: 37/43 MP: 6/6
  3162 | D:5      | Entered Level 5 of the Dungeon
  3197 | D:5      | Found Rauxt's Assorted Antiques.
  3213 | D:5      | Bought a pair of ancient gloves for 179 gold pieces
  3214 | D:5      | Bought a scroll labeled XONLAIVOLU for 29 gold pieces
  3215 | D:5      | Identified the +0 pair of gloves of Zixzik {rElec Acc+4} (You bought it in a shop on level 5 of the Dungeon)
  3273 | D:5      | Reached skill level 6 in Axes
  3273 | D:5      | Reached skill level 1 in Armour
  3532 | D:5      | Found a sand-covered staircase.
  3539 | D:5      | HP: 2/43 [ice beast (2)]
  3539 | D:5      | Slain by an ice beast

Action                   |  1- 3 |  4- 6 |  7- 9 || total
-------------------------+-------+-------+-------++-------
Melee: Hand axe          |   106 |   244 |    73 ||   423
  Use: Scroll            |       |     7 |     1 ||     8
       Potion            |       |     1 |     1 ||     2
